 Dungeon Crawl Stone Soup version 0.17-a0-670-g5d95ebd (webtiles) character file.

45 oplop the Shield-Bearer (level 3, 0/33 HPs)
             Began as a Minotaur Fighter on Apr 18, 2015.
             Slain by Grinder (3 damage)
             ... while paralysed by Grinder
             ... on level 3 of the Dungeon.
             The game lasted 00:02:02 (1297 turns).

oplop the Shield-Bearer (Minotaur Fighter)          Turns: 1297, Time: 00:02:02

Health: 0/33       AC:  6    Str: 25    XL:     3   Next: 42%
Magic:  2/2        EV:  2    Int:  5    God:
Gold:   58         SH:  0    Dex: 10    Spells: 0 memorised, 2 levels left

rFire  . . .     SeeInvis .     a - +0 long sword
rCold  . . .     Clarity  .     b - +0 scale mail
rNeg   . . .     SustAb   .     c - +0 shield
rPois  .         Gourm    .     (helmet restricted)
rElec  .         Spirit   .     (no cloak)
rCorr  .         Warding  .     (no gloves)
rMut   .         Stasis   .     (no boots)
MR     .....                    (no amulet)
Stlth  ..........               (no ring)
                                s - ring of teleport control

@: paralysed, mighty, not resistant to hostile enchantments, extremely
unstealthy
A: retaliatory headbutt, horns 2
a: Evoke Teleport Control


You were on level 3 of the Dungeon.
You were very hungry.

You visited 1 branch of the dungeon, and saw 3 of its levels.

You collected 58 gold pieces.

Inventory:

Hand weapons
 a - a +0 long sword (weapon)
 w - a +0 falchion
Armour
 b - a +0 scale mail (worn)
 c - a +0 shield (worn)
Jewellery
 s - a ring of teleport control (left hand)
Scrolls
 h - 2 scrolls of magic mapping {unknown}
 j - a scroll of enchant weapon {unknown}
 n - a scroll of fog {unknown}
 o - a scroll of recharging {unknown}
 p - 3 scrolls of amnesia {unknown}
 r - 5 scrolls of identify {unknown}
 u - a scroll of immolation {unknown}
Potions
 e - a potion of might
 g - 3 potions of curing {unknown}
 i - 2 potions of ambrosia {unknown}
 k - a potion of lignification {unknown}
 l - a potion of brilliance {unknown}
 m - a potion of resistance {unknown}
 q - a potion of cancellation {unknown}
 v - a potion of invisibility {unknown}
Comestibles
 d - 2 bread rations
 f - a meat ration
 t - 2 beef jerkies


   Skills:
 + Level 4.1 Fighting
 + Level 3.4 Long Blades
 - Level 3.6 Armour
 + Level 4.4 Shields


You had 2 spell levels left.
You didn't know any spells.

Dungeon Overview and Level Annotations

Branches:
Dungeon (3/15)

Altars:
Ashenzari
Zin

Annotations:
D:3 Grinder


Innate Abilities, Weirdness & Mutations

You reflexively headbutt those who attack you in melee.
You have a pair of horns on your head.


Message History

You block the hobgoblin's attack. Grinder hits you.
You writhe in agony.
Unknown command.
You closely miss Grinder.
Grinder is moderately wounded.
The hobgoblin hits you but does no damage.
Grinder gestures at you.
You suddenly lose the ability to move!
The hobgoblin hits you but does no damage.
Grinder gestures at you. Pain shoots through your body!
The hobgoblin hits you but does no damage.
Grinder hits you.
* * * LOW HITPOINT WARNING * * *
You writhe in agony.
* * * LOW HITPOINT WARNING * * *
Grinder barely misses you.
The hobgoblin hits you but does no damage.
Grinder says, "I used to sell toenails on the black market."
Grinder hits you.
You die...

.#.# ....# ##.#.#
. ....####...
#.#.#......
#.#.....#
#..?)...###.
#####.##5.).......
#.......@g...?....
#.$....#...?[....
....! ###.......
.... #.....? ...
..... . .... ...


You could see Grinder and a hobgoblin.

Vanquished Creatures
  An adder (D:2)
  A worm (D:2)
  5 bats
  3 giant cockroaches
  4 hobgoblins
  2 jackals (D:2)
  A kobold (D:2)
  A quokka (D:2)
  2 giant newts
  7 goblins
  2 rats (D:1)
29 creatures vanquished.

Notes
Turn   | Place    | Note
--------------------------------------------------------------
     0 | D:1      | oplop, the Minotaur Fighter, began the quest for the Orb.
     0 | D:1      | Reached XP level 1. HP: 19/19 MP: 0/0
   244 | D:1      | Reached XP level 2. HP: 24/27 MP: 1/1
   837 | D:2      | Found a shattered altar of Ashenzari.
   837 | D:2      | Found a glowing silver altar of Zin.
   981 | D:2      | Reached skill level 4 in Shields
  1030 | D:2      | Reached XP level 3. HP: 20/33 MP: 2/2
  1284 | D:3      | Noticed Grinder
  1293 | D:3      | Paralysed by Grinder for 5 turns
  1297 | D:3      | Slain by Grinder

Action                   || total
-------------------------++-------
Melee: Long sword        ||    79
  Use: Potion            ||     1
